 Dungeon Crawl Stone Soup version 0.28-a0-1447-ga5a8893891 (webtiles) character file.

Game seed: 1649966244599808196

94 hashsling the Grave Robber (level 4, -4/24 HPs)
             Began as a Deep Elf Necromancer on Jan 11, 2022.
             Slain by an orc (8 damage)
             ... on level 4 of the Dungeon.
             The game lasted 00:10:16 (3077 turns).

hashsling the Grave Robber (Deep Elf Necromancer)   Turns: 3077, Time: 00:10:16

Health: -4/24      AC:  2    Str:  5    XL:     4   Next: 38%
Magic:  12/21      EV: 12    Int: 22    God:
Gold:   71         SH:  0    Dex: 15    Spells: 4/11 levels left

rFire   . . .      SeeInvis .   h - +1 dagger (drain)
rCold   . . .      Faith    .   b - +1 buckler
rNeg    . . .      Spirit   .   a - +0 robe
rPois   .          Reflect  .   (no helmet)
rElec   .          Harm     .   (no cloak)
rCorr   .          Rampage  .   (no gloves)
Will    .....                   (no boots)
Stlth   +.........              (no amulet)
HPRegen 0.08/turn               c - ring of magical power
MPRegen 0.17/turn               (no ring)

@: confused
A: no striking features
a: no special abilities


You were on level 4 of the Dungeon.
You visited 1 branch of the dungeon, and saw 3 of its levels.

You collected 71 gold pieces.

Inventory:

Hand Weapons
 h - a +1 dagger of draining (weapon)
Armour
 a - a +0 robe (worn)
 b - a +1 buckler (worn)
Jewellery
 c - a ring of magical power (left hand)
Scrolls
 e - 4 scrolls of identify {unknown}
 f - a scroll of teleportation
 g - a scroll of blinking {unknown}
Potions
 d - a potion of lignification {unknown}
 i - a potion of might {unknown}


   Skills:
 - Level 2.4 Dodging
 - Level 2.4 Stealth
 + Level 4.3 Spellcasting
 * Level 6.4 Necromancy


You had 4 spell levels left.
You knew the following spells:

 Your Spells              Type           Power      Damage    Failure   Level
a - Pain                  Necr           100%       1d9       1%          1
b - Animate Skeleton      Necr           66%        N/A       1%          1
c - Vampiric Draining     Necr           33%        2d8       3%          3
d - Sublimation of Blood  Necr           33%        N/A       1%          2

Your spell library contained the following spells:

 Spells                   Type           Power      Damage    Failure   Level
 Animate Dead             Necr           16%        N/A       11%         4
 Anguish                  Hex/Necr       9%         N/A       36%         4
 Agony                    Necr           33%        N/A       28%         5
 Ignition                 Fire           2%         3d3       100%        8


Dungeon Overview and Level Annotations

Branches:
Dungeon (2/15)

Altars:
Trog


Message History

Aim: an orc priest, wielding a +0 whip and wearing a +0 leather armour (almost dead, ally target, chance to affect: 83%)
The orc priest barely resists.
Something hits you. The orc priest hits you with a +0 whip.
Casting: Pain (safe; 1% risk of failure)
Confirm with . or Enter, or press ? or * to list all spells.
Aiming: Pain (safe; 1% risk of failure)
Press: ? - help, Shift-Dir - straight line, f/p - orc priest
Aim: an orc priest, wielding a +0 whip and wearing a +0 leather armour (almost dead, ally target, chance to affect: 83%)
The orc priest barely resists.
Something completely misses you. The orc priest barely misses you.
You swap places.
Something hits your orc skeleton.
Your orc skeleton hits the orc priest but does no damage.
Your orc skeleton misses something.
The orc priest hits your orc skeleton with a +0 whip!
Your orc skeleton is destroyed!
You see here a +0 mace.
Casting: Pain (safe; 1% risk of failure)
Confirm with . or Enter, or press ? or * to list all spells.
Aiming: Pain (safe; 1% risk of failure)
Press: ? - help, Shift-Dir - straight line, f/p - orc priest
Aim: an orc priest, wielding a +0 whip and wearing a +0 leather armour (almost dead, chance to affect: 83%)
The orc priest writhes in agony.
You kill the orc priest!
You have reached level 4!
You feel clever.
Hit: h) +1 dagger (drain)
Press: ? - help, Dir - move target, f - ball python
Aim: a ball python (about 39% to evade your +1 dagger of draining)
Your weapon can't reach that far!
Okay, then.
You hear some strange, mumbled words.
You are confused.
Something hits you but does no damage.
A magic dart appears from out of thin air!
The magic dart hits you.
* * * LOW HITPOINT WARNING * * *
You hear some strange, mumbled words.
A puff of flame appears from out of thin air!
The puff of flame misses you. The orc hits you with a +0 flail!
You die...

###.#.# ##
#...#.###### ..
...#......#
#?#..######.# ...
#.# ##)######.#
#..))S>...### ##
####{o..#...# .#
#.@..###.#######.#
........#.#
#.........#
###.###.#.#
########..# #
....# #..# ##.###
#######..# #.#
.........# ..#
########.## ..#
#........#
##.#######


You could see an orc and a ball python.

Vanquished Creatures
  An orc priest (D:4)
  An adder (D:2)
  A worm (D:2)
  A dart slug (D:1)
  2 orcs (D:4)
  4 ball pythons (D:1)
  2 endoplasms (D:1)
  7 goblins
  A hobgoblin (D:4)
  4 jackals
  3 quokkas
  3 bats
  2 frilled lizards
  6 kobolds
  10 rats
48 creatures vanquished.

Vanquished Creatures (others)
  2 demonic plants (D:1)
  A withered plant (D:1)
3 creatures vanquished.

Grand Total: 51 creatures vanquished

Notes
Turn   | Place    | Note
-------+----------+-------------------------------------------
     0 | D:1      | hashsling the Deep Elf Necromancer began the quest for the
                  | Orb.
     0 | D:1      | Reached XP level 1. HP: 10/10 MP: 6/6
    35 | D:1      | Noticed a scorpion
    35 | D:1      | Noticed a black bear
    35 | D:1      | Noticed a water moccasin
    36 | D:1      | Noticed a seven-headed hydra
    36 | D:1      | Noticed an iguana
    71 | D:1      | Reached skill level 5 in Necromancy
    73 | D:1      | Learned a level 1 spell: Animate Skeleton
   388 | D:1      | Reached XP level 2. HP: 12/15 MP: 5/8
  1002 | D:1      | Found a faded altar of an unknown god.
  1149 | D:1      | Got the Papyrus of Unholy Ignition
  1604 | D:2      | Reached XP level 3. HP: 9/19 MP: 7/10
  2164 | D:2      | Learned a level 3 spell: Vampiric Draining
  2167 | D:2      | Learned a level 2 spell: Sublimation of Blood
  2264 | D:2      | Reached skill level 6 in Necromancy
  2783 | D:2      | You fall into a shaft and drop 2 floors!
  3023 | D:4      | Found a bloodstained altar of Trog.
  3073 | D:4      | Reached XP level 4. HP: 8/24 MP: 11/12
  3077 | D:4      | Slain by an orc

Illustrated notes

Levels and vault maps discovered:
D:1:      onia_arrival_zoo_common, layout_basic, shapermc_ecumenical_altar_gd
D:2:      layout_loops_cross, serial_co_window_serial, co_window_corner_a,
          co_window_paths_a, co_window_paths_a, co_window_corner_a,
          co_window_corner_a, co_window_corner_b, co_window_broadway_c,
          co_window_unsneaky_path_a, co_window_unsneaky_path_e
D:4:      layout_basic, grunt_temple_overflow_octagram, kennysheep_mini,
          temple_fountains

Skill      XL: |  1  2  3 |
---------------+----------+-----
Necromancy     | 5 6 |  6.4
Spellcasting   | 4 |  4.3
Dodging        | |  2.4
Stealth        | |  2.4

Action                   |  1- 3 |  4- 6 || total
-------------------------+-------+-------++-------
Melee: Dagger            |     2 |       ||     2
 Cast: Pain              |    77 |       ||    77
       Animate Skeleton  |     3 |       ||     3
       Vampiric Draining |     1 |       ||     1
  Use: Scroll            |     3 |       ||     3
Armor: Robe              |       |     1 ||     1
Dodge: Dodged            |     6 |     1 ||     7

Table legend: (Time is in decaauts)
 A = Elapsed time spent in this place.
 B = Non-inter-level travel time spent in this place.
 C = Inter-level travel time spent in this place.
 D = Time resting spent in this place.
 E = Time spent auto-exploring this place.
 F = Levels seen in this place.
 G = Mean time per level.
                   A        B        C        D        E       F      G
               +--------+--------+--------+--------+--------+-----+--------+
         Total |   3074 |   3032 |     42 |      0 |   2642 |   3 | 1024.7 |
       Dungeon |   3074 |   3032 |     42 |      0 |   2642 |   3 | 1024.7 |
               +--------+--------+--------+--------+--------+-----+--------+

Top non-repeatable levels by time:
     D:1: 1595 daAuts
     D:2: 1185 daAuts
     D:4: 293 daAuts
